 Dungeon Crawl Stone Soup version 0.20.0 (webtiles) character file.

1673 MatthieuS the Spear-Bearer (level 9, -1/68 HPs)
             Began as a Merfolk Gladiator on June 5, 2017.
             Was a Follower of Okawaru.
             Slain by a hornet (9 damage)
             ... on level 6 of the Dungeon.
             The game lasted 00:19:30 (6118 turns).

MatthieuS the Spear-Bearer (Merfolk Gladiator)      Turns: 6118, Time: 00:19:31

Health: -1/68      AC:  7    Str: 15    XL:     9   Next: 1%
Magic:  9/9        EV: 17    Int:  9    God:    Okawaru [*.....]
Gold:   168        SH: 10    Dex: 16    Spells: 8/8 levels left

rFire    . . .     SeeInvis .   a - +0 trident
rCold    . . .     Gourm    .   x - +0 buckler
rNeg     . . .     Faith    .   u - +0 ring mail
rPois    .         Spirit   .   c - +0 helmet
rElec    .         Reflect  +   y - +0 cloak
rCorr    .         Harm     .   (no gloves)
MR       +....                  (no boots)
Stlth    +.........             L - +4 amulet of reflection
Regen    0.3/turn               B - ring of protection from magic
MPRegen  0.2/turn               r - +4 ring of evasion

@: drained
A: change form in water, swift swim, stealthy swim
a: Heroism, Renounce Religion


You were on level 6 of the Dungeon.
You worshipped Okawaru.
Okawaru was aware of your devotion.
You were not hungry.

You visited 2 branches of the dungeon, and saw 7 of its levels.

You collected 378 gold pieces.
You spent 210 gold pieces at shops.

Inventory:

Hand Weapons
 a - a +0 trident (weapon)
Missiles
 d - 2 throwing nets (quivered)
Armour
 b - a +0 leather armour
 c - a +0 helmet (worn)
 u - a +0 ring mail (worn)
 x - a +0 buckler (worn)
 y - a +0 cloak (worn)
Jewellery
 r - a +4 ring of evasion (right hand)
 t - a +4 ring of intelligence
 B - a ring of protection from magic (left hand)
 F - an uncursed amulet of magic regeneration
 J - an uncursed ring of resist corrosion
 L - a +4 amulet of reflection (around neck)
Wands
 m - a wand of iceblast (0/15)
 s - a wand of polymorph (3/24)
 A - a wand of polymorph (17/24)
 D - a wand of acid (10/15)
 K - a wand of acid (9/15)
 N - a wand of confusion (30/48)
Scrolls
 g - 2 scrolls of enchant weapon
 o - a scroll of immolation {unknown}
 p - 2 scrolls of enchant armour {unknown}
 z - a scroll of identify
 E - a scroll of remove curse {unknown}
 H - a scroll of recharging {unknown}
Potions
 k - 3 potions of curing
 v - a potion of brilliance {unknown}
 w - a potion of lignification {unknown}
 G - a potion of degeneration {unknown}
 I - a potion of magic {unknown}
 O - a potion of flight {unknown}
Comestibles
 f - 8 bread rations
 l - 5 meat rations


   Skills:
 + Level 5.6(5.5) Fighting
 * Level 10.8(10.7) Polearms
 - Level 2.0(1.9) Throwing
 - Level 4.0(3.9) Dodging
 - Level 7.0(6.9) Shields


You had 8 spell levels left.
You didn't know any spells.

Dungeon Overview and Level Annotations

Branches:
Dungeon (6/15)             Temple (1/1) D:5

Altars:
Cheibriados
Dithmenos
Elyvilon
Gozag
Hepliaklqana
Kikubaaqudgha
Nemelex Xobeh
Okawaru
Qazlal
Ru
Sif Muna
Trog
Vehumet
Xom
The Shining One

Shops:
D:4 *   D:6 *


Message History

You miss the hornet.
The hornet is almost dead.
The hornet stings you but does no damage. x2
You closely miss the hornet.
The hornet is almost dead.
The hornet stings you.
You suddenly lose the ability to move!
The hornet stings you!
You are poisoned.
You feel yourself slow down.
You feel yourself speed up.
You feel sick. The hornet stings you!
* * * LOW HITPOINT WARNING * * *
You feel yourself slow down. The hornet stings you!
* * * LOW HITPOINT WARNING * * *
You feel as though you will be slow longer.
You can move again.
You feel better.
You feel yourself speed up. You block the hornet's attack.
The hornet stings you!
You die...

*,,,,*,...§§§.....#..,,
*****#$####§####..#.#*,
*,,,,..# #§* #..#.#**
**,**#.# ##§** #.)#.#
*,###.#*#######..#.#*#
*******,,...§,,#8#.§§..#.#..
*,,,,,,,**..#**######..#.#.#
**,*******#.# *#§** #.......
*,,,,,,,* #@# #.# #.##.#.#
**,,***,* #y####§####.##.#,*
**,,* *,* #oZ......§§.##.#,,
*,,,* *,* ###.###.#§.###.###
**,,**#.###*#.# #.#.####....
*,,,,,...y..#.# #.#.........
**,*,**###....###.##########
*,,,,,.......o....Z......,,*
**,***####..####.........,,*


You could see a hornet, an orc priest and an adder zombie.

Vanquished Creatures
  Eustachio (D:6)
  Edmund (D:6)
  An orc warrior (D:4)
  A sky beast (D:6)
  A centaur (D:6)
  2 ogres
  Blork the orc (D:4)
  A wyvern skeleton (D:6)
  3 wights (D:6)
  2 howler monkeys (D:6)
  A crimson imp (D:5)
  A quasit (D:6)
  3 hounds
  An orc priest (D:5)
  8 orc wizards
  A worker ant (D:4)
  A hound zombie (D:5)
  A hound skeleton (D:6)
  4 gnolls (D:4)
  4 adders
  A river rat (D:3)
  A shadow imp (D:5)
  3 oozes
  6 worms
  4 dart slugs
  3 leopard geckos
  18 orcs
  4 bats
  9 giant cockroaches
  8 hobgoblins
  7 kobolds
  3 quokkas
  2 ball pythons
  6 frilled lizards
  3 goblins (D:1)
  A leopard gecko skeleton (D:4)
  11 rats
129 creatures vanquished.

Vanquished Creatures (others)
  A wight (D:6)
  An orc (D:6)
2 creatures vanquished.

Grand Total: 131 creatures vanquished

Notes
Turn   | Place    | Note
-------+----------+-------------------------------------------
     0 | D:1      | MatthieuS the Merfolk Gladiator began the quest for the Orb.
     0 | D:1      | Reached XP level 1. HP: 16/16 MP: 1/1
   143 | D:1      | Reached XP level 2. HP: 21/23 MP: 2/2
   177 | D:1      | Reached skill level 5 in Polearms
   408 | D:1      | Reached XP level 3. HP: 21/28 MP: 3/3
  1001 | D:2      | Reached skill level 6 in Polearms
  1186 | D:2      | Reached XP level 4. HP: 35/35 MP: 4/4
  2052 | D:3      | Reached skill level 1 in Shields
  2267 | D:3      | Reached XP level 5. HP: 15/41 MP: 5/5
  3051 | D:4      | Found Udobba Loklu's Assorted Antiques.
  3197 | D:4      | Noticed an orc warrior
  3228 | D:4      | Killed an orc warrior
  3228 | D:4      | Reached XP level 6. HP: 28/47 MP: 6/6
  3811 | D:4      | Noticed Blork the orc
  3834 | D:4      | Killed Blork the orc
  3834 | D:4      | Reached skill level 5 in Shields
  3834 | D:4      | Reached XP level 7. HP: 47/52 MP: 7/7
  4377 | D:5      | Entered Level 5 of the Dungeon
  4464 | D:5      | Found a staircase to the Ecumenical Temple.
  4530 | Temple   | Entered the Ecumenical Temple
  4605 | Temple   | Became a worshipper of Warmaster Okawaru
  4627 | D:5      | Found a sacrificial altar of Ru.
  5239 | D:6      | Found Erpha Tor's Assorted Antiques.
  5245 | D:6      | Reached skill level 7 in Polearms
  5251 | D:6      | Bought a scroll of identify for 60 gold pieces
  5251 | D:6      | Bought a square golden amulet for 150 gold pieces
  5315 | D:6      | Reached XP level 8. HP: 58/60 MP: 8/8
  5335 | D:6      | Noticed Eustachio
  5428 | D:6      | Killed Eustachio
  5428 | D:6      | Reached skill level 8 in Polearms
  5506 | D:6      | Reached * piety under Okawaru
  5538 | D:6      | Noticed Edmund
  5567 | D:6      | Killed Edmund
  5567 | D:6      | Reached skill level 9 in Polearms
  5640 | D:6      | Reached skill level 5 in Fighting
  5845 | D:6      | Reached skill level 10 in Polearms
  6089 | D:6      | Noticed a hornet
  6096 | D:6      | Reached XP level 9. HP: 68/68 MP: 9/9
  6115 | D:6      | Paralysed by a hornet for 2 turns
  6117 | D:6      | HP: 1/68 [hornet (13)]
  6118 | D:6      | Slain by a hornet

Skill      XL: |  1  2  3  4  5  6  7  8 |
---------------+-------------------------+-----
Polearms       | 5 6 7 10 | 10.8
Fighting       | 3 5 |  5.6
Shields        | 1 4 5 7 |  7.0
Throwing       | |  2.0
Dodging        | |  4.0

Action                   |  1- 3 |  4- 6 |  7- 9 || total
-------------------------+-------+-------+-------++-------
Melee: Trident           |   105 |   223 |   337 ||   665
       Spear             |       |     4 |       ||     4
       Tailslap          |       |     1 |       ||     1
Throw: Throwing net      |       |       |     1 ||     1
Evoke: Wand              |       |       |     2 ||     2
  Use: Potion            |       |     3 |     5 ||     8
       Scroll            |       |       |     6 ||     6
 Stab: Sleeping          |     2 |     2 |       ||     4
       Held in net/web   |       |       |     1 ||     1
  Eat: Chunk             |       |     9 |     5 ||    14
       Royal jelly       |       |       |     1 ||     1
       Fruit             |       |       |     3 ||     3
Armor: Leather armour    |    19 |       |       ||    19
       Ring mail         |       |    38 |    53 ||    91
Dodge: Dodged            |    51 |    73 |   181 ||   305
Block: Buckler           |       |    19 |   123 ||   142
